 Dungeon Crawl Stone Soup version 0.30-a0-118-ga018f8e90f (webtiles) character file.

Game seed: 17270654387509523184

1448 IdlyInterested the Covered (level 8, -1/57 HPs)
             Began as a Demonspawn Gladiator on Sept 13, 2022.
             Slain by an ogre
             ... wielding a +0 giant club
              (17 damage)
             ... on level 5 of the Dungeon.
             The game lasted 00:12:12 (5096 turns).

IdlyInterested the Covered (Demonspawn Gladiator)   Turns: 5096, Time: 00:12:12

Health: -1/57      AC: 12    Str: 16    XL:     8   Next: 46%
Magic:  8/8        EV: 11    Int: 11    God:
Gold:   215        SH:  0    Dex: 20    Spells: 7/7 levels left

rFire   . . .      SeeInvis .    n - +0 scythe (elec)
rCold   . . .      Faith    .    (shield currently unavailable)
rNeg    . . .      Spirit   .    E - +0 scale mail
rPois   .          Reflect  .    c - +0 helmet
rElec   .          Harm     .    (no cloak)
rCorr   .          Rampage  .    v - +2 pair of gloves
Will    .....                    (no boots)
Stlth   +.........               (no amulet)
HPRegen 0.19/turn                h - ring of flight
MPRegen 0.11/turn                i - +6 ring of dexterity

@: flying
A: ignite blood 1, powered by pain 1, sturdy frame 1, weakness stinger 2
a: no special abilities


You were on level 5 of the Dungeon.
You visited 2 branches of the dungeon, and saw 6 of its levels.

You collected 215 gold pieces.

Inventory:

Hand Weapons
 a - a +0 trident
 n - a +0 scythe of electrocution (weapon)
Missiles
 e - a javelin
 l - 2 throwing nets
 p - 5 datura-tipped darts
 w - 4 poisoned darts (quivered)
 D - 2 boomerangs
Armour
 c - a +0 helmet (worn)
 v - a +2 pair of gloves (worn)
 x - the +1 pair of boots of Tenacity {rC- Str+3 Int+2}
   (You found it on level 4 of the Dungeon)

   Str:       It affects your strength (+3).
   Int:       It affects your intelligence (+2).
   rC:        It makes you vulnerable to cold.
 E - a +0 scale mail (worn)
Magical Staves
 b - a staff of air
Jewellery
 g - a ring of resist corrosion
 h - a ring of flight (left hand)
 i - a +6 ring of dexterity (right hand)
 r - a ring of magical power
Scrolls
 k - 2 scrolls of immolation
 m - 3 scrolls of amnesia
 q - 2 scrolls of teleportation
 y - a scroll of fog
 A - a scroll of blinking
 B - a scroll of enchant armour {unknown}
 C - a scroll of noise {unknown}
Potions
 d - a potion of ambrosia
 f - 2 potions of magic
 j - 2 potions of haste
 s - 2 potions of flight
 t - a potion of might
 u - a potion of resistance {unknown}
 z - a potion of invisibility {unknown}


   Skills:
 - Level 2.6 Fighting
 + Level 6.1 Polearms
 - Level 1.7 Throwing
 * Level 7.6 Armour
 - Level 2.6 Dodging


You had 7 spell levels left.
You didn't know any spells.
Your spell library contained the following spells:

 Spells                   Type           Power      Damage    Failure   Level
 Magic Dart               Conj           0%         1d3       58%         1
 Slow                     Hex            0%         N/A       58%         1
 Searing Ray              Conj           0%         2d4       73%         2
 Sublimation of Blood     Necr           0%         N/A       73%         2
 Confusing Touch          Hex            0%         N/A       91%         3
 Vampiric Draining        Necr           0%         2d6       91%         3
 Fulminant Prism          Conj/Hex       0%         3d6       100%        4
 Petrify                  Tmut/Erth      0%         N/A       100%        4
 Irradiate                Conj/Tmut      0%         3d11      100%        5


Dungeon Overview and Level Annotations

Branches:
Dungeon (5/15)             Temple (1/1) D:5

Altars:
Ashenzari
Dithmenos
Gozag
Hepliaklqana
Kikubaaqudgha
Makhleb
Nemelex Xobeh
Okawaru
Ru
Sif Muna
Trog
Uskayaw
Vehumet
Wu Jian
Xom
Yredelemnul


Innate Abilities, Weirdness & Mutations

Your demonic aura sometimes causes spilled blood to erupt in flames.
You sometimes gain a little power by taking damage.
Your movements are slightly less encumbered by armour. (ER -2)
You have a tail ending in a sharp stinger.


Message History

The ogre is heavily wounded.
The ogre closely misses you.
You puncture the ogre!
You kill the ogre!
Your Polearms skill increases to level 6!
Items here: ( )) [.
D - 2 boomerangs
Items here: )) [ †.
E - a +0 scale mail
Things that are here:
a +0 giant club; an ogre corpse You start removing your armour.
You continue taking off your +0 ring mail. x4
You finish taking off your +0 ring mail.
You start putting on your armour.
You continue putting on your +0 scale mail. x5
You finish putting on your +0 scale mail.
You drop a +0 ring mail.
You feel a little less mighty now.
An ogre comes into view. It is wielding a +0 giant club.
The ogre shouts!
You hear an angry hiss.
An adder comes into view.
The ogre moves out of view.
The adder hisses angrily.
The ogre hits you with a +0 giant club!!
Ouch! That really hurt!
You closely miss the adder.
The adder is engulfed in blazing flames.
You kill the adder!
The ogre hits you with a +0 giant club!
* * * LOW HITPOINT WARNING * * *
You hit the ogre.
The ogre is lightly wounded.
You hit the ogre.
The ogre is moderately wounded.
The ogre closely misses you.
You completely miss the ogre. You tail-slap the ogre.
The ogre is heavily wounded.
The ogre hits you with a +0 giant club!
You die...

##.........## #.)...#.....##
####### #.)..........######
#P..P.# ..[..........#....##
#P.P..# ...................#
#..>..# ..#............#..## ###
##.....#
..#............#######.###......#
....#...........#O.##..÷.....#...
..#.#...........@†..#.<..........
.##............°...##......###...
.# #....................##.......
.# .......#......#.....####......
.##..>.................##.....#..
.#............................#..
.................###..........#.#
..#..... .....#.## .......#.....#
.## ##.# #.###....


You could see an ogre.

Vanquished Creatures
  The ghost of ytrimaz the Trooper, a novice DsGl (D:4)
  Sigmund (D:2)
  2 water moccasins (D:5)
  An ogre (D:5)
  A phantom (D:3)
  A necrophage (D:4)
  2 scorpions (D:5)
  A bullfrog zombie (D:4)
  A hound (D:5)
  3 orc priests
  A bullfrog skeleton (D:4)
  An iguana (D:5)
  2 orc wizards (D:5)
  3 gnolls (D:5)
  7 adders
  2 worms
  A dart slug (D:2)
  8 orcs
  4 endoplasms
  5 giant cockroaches
  6 goblins
  9 hobgoblins
  4 jackals (D:3)
  6 kobolds
  3 quokkas
  8 ball pythons
  2 bats
  4 rats
90 creatures vanquished.

Notes
Turn   | Place    | Note
-------+----------+-------------------------------------------
     0 | D:1      | IdlyInterested the Demonspawn Gladiator began the quest for
                  | the Orb.
     0 | D:1      | Reached XP level 1. HP: 16/16 MP: 1/1
   402 | D:1      | Reached skill level 1 in Armour
   499 | D:1      | Gained mutation: You have a small tail. [demonic ancestry]
   499 | D:1      | Reached XP level 2. HP: 22/22 MP: 2/2
   670 | D:1      | Found a faded altar of an unknown god.
  1294 | D:2      | Reached skill level 2 in Armour
  1294 | D:2      | Reached XP level 3. HP: 27/27 MP: 3/3
  1331 | D:2      | Noticed Sigmund
  1874 | D:2      | Killed Sigmund
  1875 | D:2      | Reached skill level 4 in Armour
  1875 | D:2      | Reached XP level 4. HP: 12/33 MP: 4/4
  1875 | D:2      | Gained mutation: You sometimes gain a little power by
                  | taking damage. [demonic ancestry]
  1875 | D:2      | Reached XP level 5. HP: 13/38 MP: 5/5
  2137 | D:2      | You are sucked into a shaft and drop 1 floor!
  2172 | D:3      | Found a shadowy altar of Dithmenos.
  2324 | D:3      | Found an ornate altar of the Wu Jian Council.
  2352 | D:3      | Gained mutation: You have a tail ending in a sharp stinger.
                  | [demonic ancestry]
  2352 | D:3      | Reached XP level 6. HP: 26/44 MP: 6/6
  3665 | D:4      | Identified the +1 pair of boots of Tenacity {rC- Str+3
                  | Int+2}
  3774 | D:4      | Found a runed translucent gate.
  3774 | D:4      | Found a runed translucent gate.
  3774 | D:4      | Found a runed translucent gate.
  3775 | D:4      | Noticed ytrimaz's ghost (novice DsGl)
  4123 | D:4      | Killed ytrimaz's ghost
  4124 | D:4      | Reached skill level 5 in Polearms
  4124 | D:4      | Reached skill level 6 in Armour
  4124 | D:4      | Gained mutation: Your movements are slightly less
                  | encumbered by armour. (ER -2) [demonic ancestry]
  4124 | D:4      | Reached XP level 7. HP: 27/51 MP: 7/7
  4308 | D:5      | Entered Level 5 of the Dungeon
  4330 | D:5      | Found a staircase to the Ecumenical Temple.
  4362 | Temple   | Entered the Ecumenical Temple
  4735 | D:5      | Gained mutation: Your demonic aura sometimes causes spilled
                  | blood to erupt in flames. [demonic ancestry]
  4735 | D:5      | Reached XP level 8. HP: 38/57 MP: 8/8
  4778 | D:5      | Reached skill level 7 in Armour
  5096 | D:5      | Slain by an ogre

Illustrated notes

Levels and vault maps discovered:
D:1:      dpeg_arrival_more_subterranean_lakeside_camping, layout_loops_ring,
          hellmonk_ecumenical_altar_blasted, hex_large
D:2:      layout_rooms, uniq_sigmund
D:3:      layout_loops_ring, nicolae_dithmenos_through_a_glass_darkly,
          pdpol_wu_jian_five_deadly_venoms, kennysheep_generic_room_5
D:4:      layout_cave_pools, gammafunk_ghost_necromancy
D:5:      layout_cave_pools, minmay_temple_entry_overgrown
Temple:   eino_temple_rhombus

Skill      XL: |  1  2  3  4  5  6  7  8 |
---------------+-------------------------+-----
Armour         | 1 2 4 6 7 |  7.6
Polearms       | 3 4 5 6 |  6.1
Fighting       | |  2.6
Throwing       | |  1.7
Dodging        | |  2.6

Action                   |  1- 3 |  4- 6 |  7- 9 || total
-------------------------+-------+-------+-------++-------
Melee: Trident           |   106 |    68 |       ||   174
       Tailslap          |     5 |    18 |    16 ||    39
       Punch             |     1 |     2 |       ||     3
       Halberd           |       |    60 |    68 ||   128
Throw: Throwing net      |     6 |       |       ||     6
  Use: Scroll            |     8 |     6 |     1 ||    15
       Potion            |     2 |     3 |       ||     5
 Stab: Held in net/web   |     1 |       |       ||     1
       Sleeping          |       |       |     1 ||     1
Armor: Leather armour    |    15 |       |       ||    15
       Ring mail         |    26 |    56 |    22 ||   104
Dodge: Dodged            |    58 |    83 |    33 ||   174

Table legend: (Time is in decaauts)
 A = Elapsed time spent in this place.
 B = Non-inter-level travel time spent in this place.
 C = Inter-level travel time spent in this place.
 D = Time resting spent in this place.
 E = Time spent auto-exploring this place.
 F = Levels seen in this place.
 G = Mean time per level.
                   A        B        C        D        E       F      G
               +--------+--------+--------+--------+--------+-----+--------+
         Total |   5118 |   4747 |    371 |   1110 |   2648 |   6 |  853.0 |
       Dungeon |   4909 |   4556 |    353 |   1110 |   2470 |   5 |  981.8 |
        Temple |    209 |    191 |     18 |      0 |    178 |   1 |  209.0 |
               +--------+--------+--------+--------+--------+-----+--------+

Top non-repeatable levels by time:
     D:1: 1427 daAuts
     D:3: 1351 daAuts
     D:2: 833 daAuts
     D:4: 772 daAuts
     D:5: 523 daAuts
  Temple: 209 daAuts
